Map: Kairos Junction LE

Players

jheffe - Winner!

  • Race: Terran Terran
  • League: Master
  • Spawn Location: 5:00

A.I. 2 (Very Hard)

  • Race: Protoss Protoss
  • Spawn Location: 11:00

VOD

Have the link to the VOD?

Description

Time

  • Played on: July 29, 2019, 10:16 p.m.
  • Length: 10:07
Show
View Real Time Build Order
Export as new Build Order

jheffe Terran - Winner!

Build Orders: Reaper Expand 

Get SALT Encoding   

  12  0:00  SCV  
  13  0:13  SCV  
  14  0:17  Supply Depot  
  14  0:25  SCV  
  15  0:38  SCV  
  15  0:40  Barracks  
  16  0:44  Refinery  
  16  0:50  SCV  
  17  1:02  SCV  
  18  1:15  SCV  
  19  1:28  Reaper, Orbital Command  
  20  1:41  Command Center  
  20  1:53  Supply Depot, SCV  
  21  2:02  Marine  
  21  2:06  SCV  
  23  2:10  Factory  
  23  2:15  Refinery  
  23  2:18  SCV  
  23  2:22  Barracks Reactor  
  24  2:30  SCV  
  25  2:43  SCV  
  26  2:54  Orbital Command, Factory Tech Lab  
  26  2:56  Factory Tech Lab  
  26  2:57  SCV  
  27  3:00  Marine  
  27  3:01  Marine  
  29  3:06  Starport  
  29  3:09  SCV  
  30  3:17  Cyclone  
  30  3:19  SCV  
  34  3:21  Marine x2, SCV  
  37  3:32  SCV  
  37  3:33  SCV  
  39  3:34  Supply Depot  
  39  3:39  Marine x2  
  41  3:44  SCV  
  41  3:45  SCV  
  43  3:52  Barracks  
  43  3:55  Raven  
  45  3:56  SCV  
  45  3:58  SCV  
  45  3:59  Barracks  
  45  4:01  Marine  
  48  4:02  Bunker  
  48  4:04  Marine  
  48  4:08  SCV  
  50  4:10  Supply Depot, SCV  
  50  4:12  Factory Tech Lab  
  51  4:20  SCV  
  51  4:22  SCV  
  51  4:23  Refinery  
  53  4:28  Marine x2  
  54  4:32  SCV  
  54  4:33  Engineering Bay  
  54  4:34  SCV  
  54  4:38  Supply Depot  
  56  4:44  SCV  
  57  4:46  SCV  
  57  4:47  Stimpack, Marauder  
  57  4:52  Refinery  
  60  4:53  Marine  
  60  4:54  Marine, Combat Shield  
  60  4:58  Starport Reactor, Factory Reactor  
  60  4:59  SCV  
  64  5:00  SCV  
  64  5:01  Supply Depot  
  64  5:07  Terran Infantry Weapons Level 1  
  64  5:10  Marauder  
  64  5:12  SCV  
  64  5:13  Marauder  
  70  5:19  Marine  
  70  5:21  Supply Depot  
  70  5:23  Marine, SCV  
  70  5:24  Supply Depot  
  72  5:33  Marauder  
  72  5:34  Marauder  
  72  5:35  Medivac  
  78  5:42  Marine x2, Medivac  
  82  5:43  Supply Depot  
  82  5:45  Widow Mine x2  
  82  5:47  Supply Depot  
  86  5:55  Marauder  
  86  5:56  Marauder  
  90  6:00  Marine x2  
  92  6:07  Widow Mine x2  
  92  6:10  Supply Depot  
  92  6:11  Supply Depot  
  96  6:12  Medivac x2  
  96  6:18  Marine x2  
  102  6:26  Marauder x2  
  102  6:32  Supply Depot  
  110  6:40  Marine x2, Widow Mine x2  
  110  6:43  Concussive Shells  
  110  6:44  Command Center  
  111  6:48  Marauder x2  
  113  6:58  Marine x2, Barracks  
  113  7:00  Barracks  
  110  7:02  SCV x2  
  110  7:03  Terran Infantry Armor Level 1  
  106  7:09  Widow Mine x2  
  106  7:10  Medivac x2  
  106  7:14  SCV  
  115  7:16  SCV, Marauder x2  
  118  7:26  SCV  
  118  7:29  Marine x2  
  119  7:31  Widow Mine x2  
  119  7:32  SCV  
  119  7:35  Supply Depot  
  124  7:38  Marauder x2  
  124  7:39  SCV  
  124  7:44  SCV  
  130  7:46  Barracks Tech Lab  
  130  7:48  Barracks Reactor  
  130  7:51  SCV  
  130  7:56  SCV  
  130  7:58  Marine x2  
  131  8:00  Marauder x2  
  132  8:07  Widow Mine x2, Marauder  
  132  8:08  Medivac x2  
  142  8:15  SCV  
  142  8:16  Marine, Orbital Command, SCV  
  142  8:21  Armory  
  142  8:23  Engineering Bay  
  142  8:28  SCV x2  
  142  8:29  Marine x2  
  142  8:31  Marine, Marauder x2  
  142  8:32  Marauder  
  153  8:35  Refinery  
  153  8:38  Refinery  
  153  8:40  SCV  
  154  8:43  Orbital Command  
  154  8:45  Orbital Command  
  154  8:46  SCV  
  155  8:50  Marine x2  
  157  9:03  Supply Depot  
  157  9:04  Supply Depot  
  157  9:24  Marine x5, SCV  
  157  9:25  Marauder  
  157  9:26  Marauder  
  167  9:36  Medivac x2  
  171  9:42  Marine  
  172  9:49  Marine  
  173  10:06  Command Center  
Show
View Real Time Build Order
Export as new Build Order

A.I. 2 (Very Hard) Protoss 

Build Orders: Colossus Rush 

Get SALT Encoding   

  12  0:00  Probe  
  13  0:13  Probe  
  14  0:20  Pylon  
  14  0:25  Probe  
  15  0:34  Probe  
  15  0:42  Probe  
  16  0:47  Assimilator  
  17  0:51  Gateway  
  17  0:52  Probe  
  18  1:00  Probe  
  18  1:01  Pylon  
  19  1:08  Probe  
  20  1:18  Probe  
  21  1:30  Probe  
  22  1:38  Zealot  
  24  1:42  Probe  
  25  1:49  Nexus  
  25  2:00  Cybernetics Core, Probe  
  25  2:08  Probe  
  27  2:16  Probe  
  21  2:22  Warp Gate  
  28  2:27  Pylon  
  28  2:28  Probe  
  28  2:38  Stalker  
  28  2:40  Probe  
  28  2:43  Gateway  
  31  2:47  Assimilator  
  30  2:53  Probe  
  31  3:05  Pylon, Probe  
  32  3:07  Probe  
  32  3:08  Adept  
  34  3:17  Probe  
  34  3:19  Probe  
  36  3:29  Probe  
  36  3:30  Adept  
  36  3:31  Probe  
  40  3:39  Robotics Facility  
  40  3:41  Adept  
  42  3:43  Probe  
  42  3:46  Probe  
  44  3:51  Adept  
  44  3:56  Probe  
  44  3:58  Probe  
  48  4:08  Probe  
  49  4:10  Probe  
  50  4:19  Adept  
  50  4:20  Probe  
  50  4:22  Probe  
  54  4:29  Adept  
  54  4:31  Observer, Pylon  
  57  4:32  Probe  
  57  4:33  Robotics Bay  
  57  4:34  Probe  
  57  4:37  Robotics Facility  
  59  4:44  Pylon, Probe  
  59  4:45  Stalker  
  62  4:50  Stalker  
  64  4:54  Pylon  
  64  4:55  Probe  
  64  4:56  Probe  
  66  5:10  Colossus  
  66  5:19  Gateway  
  72  5:25  Zealot  
  72  5:26  Pylon  
  74  5:29  Zealot  
  76  5:40  Pylon  
  76  5:44  Probe x2  
  76  5:46  Assimilator, Zealot  
  76  5:49  Assimilator, Stalker  
  82  5:56  Probe  
  83  6:06  Stalker  
  83  6:10  Probe  
  86  6:11  Probe  
  86  6:12  Stalker  
  86  6:13  Pylon, Sentry  
  86  6:18  Probe, Immortal  
  95  6:23  Zealot  
  98  6:27  Immortal  
  102  6:35  Pylon  
  102  6:39  Forge  
  102  6:41  Forge  
  102  6:45  Pylon  
  102  6:47  Zealot  
  102  6:51  Stalker  
  96  6:54  Zealot  
  96  6:56  Colossus  
  78  7:07  Stalker  
  70  7:14  Zealot, Adept  
  68  7:17  Probe  
  68  7:18  Probe  
  62  7:27  Zealot  
  62  7:28  Immortal  
  62  7:29  Probe  
  57  7:30  Probe, Adept  
  57  7:34  Sentry  
  50  7:41  Stalker, Probe  
  49  7:50  Stalker  
  41  7:54  Probe  
  41  7:58  Adept  
  25  8:21  Zealot  
  25  8:39  Zealot  
  27  8:45  Pylon  
  25  9:03  Observer  
Tags
 
Add a new tag
Caveats
  • Supply blocks, unpowered buildings, or Contaminate may cause inaccurate times.
  • Supply counts are checked every 10 seconds.